Map: Orbital Shipyard

Players

xKawaiian

  • Race: Terran Terran
  • League: Master

Semper - Winner!

  • Race: Terran Terran
  • League: Diamond

VOD

Have the link to the VOD?

Description

Time

  • Played on: Jan. 12, 2016, 6:14 p.m.
  • Length: 4:19
Show
View Real Time Build Order
Export as new Build Order

xKawaiian Terran 

Build Orders: 1/1/1, Cyclone Opening 

Get SALT Encoding   

  12  0:01  SCV  
  13  0:13  SCV  
  14  0:17  Supply Depot  
  14  0:25  SCV  
  15  0:39  SCV  
  15  0:41  Barracks  
  16  0:46  Refinery  
  16  0:51  SCV  
  16  0:53  Refinery  
  17  1:03  SCV  
  18  1:15  SCV  
  19  1:29  Marine, Orbital Command  
  20  1:35  Factory  
  20  1:42  Supply Depot  
  20  1:48  Marine  
  21  1:56  SCV  
  22  2:06  Marine  
  22  2:08  SCV  
  24  2:19  Starport  
  24  2:20  SCV  
  24  2:21  Factory Tech Lab  
  25  2:26  Marine  
  26  2:32  SCV, Supply Depot  
  27  2:39  Cyclone  
  27  2:44  Marine  
  31  2:52  Supply Depot  
  31  2:54  SCV  
  31  2:56  Medivac  
  34  3:01  Marine  
  35  3:07  SCV  
  35  3:12  Siege Tank  
  39  3:18  Liberator  
  39  3:19  Supply Depot, Marine  
  40  3:31  SCV  
  44  3:51  Command Center  
  44  3:52  SCV  
  45  4:04  SCV  
Show
View Real Time Build Order
Export as new Build Order

Semper Terran - Winner!

Build Orders:  

Get SALT Encoding   

  12  0:01  SCV  
  13  0:13  SCV  
  14  0:18  Supply Depot  
  14  0:25  SCV  
  15  0:40  SCV  
  15  0:41  Barracks  
  16  0:52  SCV  
  17  1:04  SCV  
  18  1:05  Refinery  
  18  1:16  SCV  
  19  1:28  Marine, Orbital Command  
  20  1:38  Command Center  
  20  1:46  Marine  
  21  1:51  Supply Depot  
  21  1:55  SCV  
  22  2:07  SCV  
  23  2:09  Factory  
  23  2:13  Marine  
  23  2:17  Refinery  
  23  2:19  SCV  
  24  2:32  SCV  
  24  2:37  Barracks Reactor  
  25  2:44  SCV  
  26  2:50  Orbital Command  
  26  2:55  Starport  
  26  2:56  SCV  
  27  2:59  Factory Tech Lab  
  27  3:02  Engineering Bay  
  27  3:09  Supply Depot, SCV  
  28  3:14  Marine x2  
  28  3:16  SCV  
  31  3:21  SCV  
  32  3:28  SCV  
  32  3:32  Cyclone  
  36  3:34  Marine  
  36  3:35  Marine  
  36  3:36  SCV  
  36  3:40  SCV  
  40  3:47  Supply Depot  
  40  3:52  SCV  
  40  3:54  SCV  
Tags
 
Add a new tag
Caveats
  • Supply blocks, unpowered buildings, or Contaminate may cause inaccurate times.
  • Supply counts are checked every 10 seconds.